 Dungeon Crawl Stone Soup version 0.22-a0-161-g198051c (webtiles) character file.

324 wolfsongas the Insei (level 6, -9/42 HPs)
             Began as an Octopode Transmuter on Feb 10, 2018.
             Mangled by Diablos's ghost (17 damage)
             ... on level 3 of the Dungeon.
             The game lasted 00:05:14 (2436 turns).

wolfsongas the Insei (Octopode Transmuter)          Turns: 2436, Time: 00:05:15

Health: -9/42      AC:  1    Str: 11    XL:     6   Next: 48%
Magic:  8/9        EV: 13    Int: 20    God:
Gold:   66         SH:  0    Dex: 13    Spells: 8/9 levels left

rFire    . . .     SeeInvis .     - Unarmed
rCold    . . .     Gourm    .   (no shield)
rNeg     . . .     Faith    .   (helmet restricted)
rPois    .         Spirit   .   (no amulet)
rElec    .         Reflect  .   d - ring of wizardry
rCorr    .         Harm     .   (no ring)
MR       .....                  (no ring)
Stlth    +++.......             (no ring)
HPRegen  0.14/turn              (no ring)
MPRegen  0.11/turn              (no ring)
                                (no ring)
                                (no ring)

@: brilliant, appendage (expiring), flying, very slightly contaminated,
invisible
A: almost no armour, stealthy swim, amphibious, 8 rings, constrict 8, tentacle
spike 3, camouflage 1, gelatinous body 1
a: End Transformation


You were on level 3 of the Dungeon.
You were not hungry.
One of your tentacles had a temporary spike.
You visited 1 branch of the dungeon, and saw 3 of its levels.

You collected 66 gold pieces.

Inventory:

Missiles
 a - 43 arrows
Jewellery
 d - a ring of wizardry (left tentacle)
Scrolls
 e - 2 scrolls of remove curse
 f - a scroll of fog {unknown}
 i - a scroll of blinking {unknown}
 j - 3 scrolls of identify {unknown}
 k - a scroll of random uselessness {unknown}
 o - a scroll of teleportation {unknown}
Potions
 g - 4 potions of curing
Books
 b - a book of Changes

   Spells                             Type                      Level
   a - Beastly Appendage              Transmutation                1
   b - Sticks to Snakes               Transmutation                2
   c - Spider Form                    Transmutation/Poison         3
   d - Ice Form                       Ice/Transmutation            4
   e - Blade Hands                    Transmutation                5
Comestibles
 c - 5 rations
 n - 12 chunks of flesh


   Skills:
 + Level 3.6 Fighting
 - Level 2.0 Dodging
 + Level 1.1 Stealth
 * Level 5.9 Unarmed Combat
 - Level 2.0 Spellcasting
 - Level 2.0 Transmutations


You had 8 spell levels left.
You knew the following spells:

 Your Spells              Type           Power        Failure   Level  Hunger
a - Beastly Appendage     Tmut           ###...       1%          1    #......


Dungeon Overview and Level Annotations

Branches:
Dungeon (3/15)

Altars:
Trog

Annotations:
D:3 Diablos's ghost, amateur DsFi


Innate Abilities, Weirdness & Mutations

You cannot wear most types of armour.
You are very stealthy in the water. (Stealth+)
You are amphibious.
You can wear up to eight rings at the same time.
You can use your tentacles to constrict eight enemies at once.
Your skin changes colour to match your surroundings (Stealth+).
Your rubbery body absorbs attacks. (AC +1, EV +1)
One of your tentacles bears a large vicious spike.


Message History

The bat hits you. Diablos's ghost closely misses you.
It was a potion of invisibility.
You fade into invisibility!
The bat misses you. Diablos's ghost closely misses you.
You are very lightly contaminated with residual magic.
You completely miss Diablos's ghost.
You pierce Diablos's ghost, but do no damage.
Your tentacle-slap misses Diablos's ghost.
The bat barely misses you. Diablos's ghost hits you!
* * * LOW HITPOINT WARNING * * *
It was a potion of flight.
You feel very buoyant.
You fly up into the air.
The bat hits you but does no damage. Diablos's ghost closely misses you.
It was a potion of brilliance.
You feel clever all of a sudden. The bat barely misses you.
Diablos's ghost barely misses you.
You tentacle-slap Diablos's ghost but do no damage.
Diablos's ghost hits you!
You die...

#..)..# #.#.# #####.#
#.#.# #.# #.#.# #.#
######## #.#
#.######....... #.#
#........# #.#
########.### #.#
..........## #.###
#####..@b..# #.##.
#..W...# ##....
#.)....# ##...#.
#........ ####......
#...................
...<......####.)...#
###................##
###...############


You could see Diablos's ghost and a bat.

Vanquished Creatures
  Grinder (D:3)
  Jessica (D:3)
  4 adders
  2 worms
  A dart slug (D:1)
  2 leopard geckos (D:1)
  An orc (D:3)
  A ball python (D:1)
  9 bats
  3 giant cockroaches
  10 goblins
  9 hobgoblins
  5 frilled lizards
  4 kobolds (D:1)
  7 rats
60 creatures vanquished.

Notes
Turn   | Place    | Note
-------+----------+-------------------------------------------
     0 | D:1      | wolfsongas the Octopode Transmuter began the quest for the Orb.
     0 | D:1      | Reached XP level 1. HP: 13/13 MP: 3/3
   176 | D:1      | Reached XP level 2. HP: 18/18 MP: 3/5
   464 | D:1      | Reached XP level 3. HP: 24/24 MP: 6/6
   614 | D:1      | Reached skill level 4 in Unarmed Combat
  1080 | D:2      | Reached XP level 4. HP: 18/29 MP: 5/7
  1343 | D:2      | Found a bloodstained altar of Trog.
  1843 | D:3      | Noticed Grinder
  1902 | D:3      | Paralysed by Grinder for 3 turns
  1914 | D:3      | Killed Grinder
  1914 | D:3      | Reached skill level 5 in Unarmed Combat
  1914 | D:3      | Reached XP level 5. HP: 6/36 MP: 8/8
  1914 | D:3      | Reached XP level 6. HP: 7/42 MP: 9/9
  2287 | D:3      | Noticed Jessica
  2293 | D:3      | Killed Jessica
  2341 | D:3      | Reached skill level 1 in Stealth
  2423 | D:3      | Noticed Diablos's ghost (amateur DsFi)
  2436 | D:3      | Mangled by Diablos's ghost

Vault maps used:
D:1:      dpeg_arrival_brainrot
D:2:      kennysheep_the_goblin_king, lemuel_round_altar, first_ration
D:3:      nicolae_overflow_hidden_temple, uniq_crazy_yiuf_cottage, uniq_grinder,
          uniq_jessica

Skill      XL: |  1  2  3  4  5  6 |
---------------+-------------------+-----
Unarmed Combat | 4 5 |  5.9
Fighting       | 2 3 |  3.6
Stealth        | 1 |  1.1
Dodging        | |  2.0
Spellcasting   | |  2.0
Transmutations | |  2.0

Action                   |  1- 3 |  4- 6 || total
-------------------------+-------+-------++-------
Melee: Unarmed           |    73 |    56 ||   129
       Constrict         |    21 |    12 ||    33
       Kick              |     7 |    11 ||    18
       Punch             |     3 |     1 ||     4
       Tentacles         |     7 |     9 ||    16
 Cast: Beastly Appendage |     6 |     5 ||    11
  Use: Scroll            |     1 |       ||     1
       Potion            |       |     4 ||     4
 Stab: Sleeping          |     2 |     3 ||     5
  Eat: Chunk             |     1 |     4 ||     5
Armor: Skin              |     9 |     8 ||    17
Dodge: Dodged            |    57 |    37 ||    94

Table legend:
 A = Spawn XP
 B = Non-spawn XP
 C = Spawn XP percentage of total XP
 D = Spawn monster count
 E = Non-spawn monster count
 F = Spawn count percentage of total count
 G = Total turns spent on level
                    A         B        C        D         E        F      G
               +---------+---------+-------+---------+---------+-------+---------
         Total |       0 |     463 |   0.0 |       0 |      60 |   0.0 |  2436
               +---------+---------+-------+---------+---------+-------+---------
           D:1 |       0 |      54 |   0.0 |       0 |      29 |   0.0 |   864
           D:2 |       0 |      52 |   0.0 |       0 |      17 |   0.0 |   731
           D:3 |       0 |     357 |   0.0 |       0 |      14 |   0.0 |   841
               +---------+---------+-------+---------+---------+-------+---------
